AoeStats
← ҎکγςЋΘ

Nomad

506684702Analyzed
4v4 RM · 18d ago on Sep 14, 2026· 33m 57s· 8 players
Game mode
Random Map
Map size
231×231
Population
200
Speed
Normal
Resources
Standard
Victory
Conquest
Starting age
Dark Age
Ending age
Imperial Age
RankedLock teamsTeams togetherTeam positionsShared explorationLock speedFull tech treeHidden civsTurbo modeCheats
Victory
Defeat
🇩🇪 Gurjaras · Germany
672
+12
🇩🇪 Wei · Germany
651
+13
🇷🇴 Franks · Romania
625
+14
🇪🇪 Vikings · Estonia
574
+17
🇩🇪 Teutons · Germany
698
-44
🇺🇸 Huns · United States
654
-16
🇩🇪 Khmer · Germany
525
-12
🇩🇪 Romans · Germany
486
-10
alexdoctorofsoul
16:47 Feudal Age
31:30 Double-Bit Axe
31:39 Gold Mining
31:40 Stone Mining
Ana Catalina
3:33 Loom
14:18 Feudal Age
14:49 Double-Bit Axe
15:40 Horse Collar
16:23 Town Watch
18:32 Stone Mining
18:39 Gold Mining
24:17 Castle Age
23:45 Fletching
23:55 Padded Archer Armor
24:08 Forging
25:52 Leather Archer Armor
25:33 Bodkin Arrow
29:52 Heavy Plow
cedric1112
19:26 Feudal Age
19:52 Double-Bit Axe
19:49 Horse Collar
19:57 Fishing Lines
21:08 Loom
25:21 Castle Age
24:22 Gold Mining
28:14 Bloodlines
28:06 Stone Mining
29:03 Heavy Plow
30:37 Gold Shaft Mining
31:42 Bow Saw
32:13 Stone Shaft Mining
32:31 Scale Barding Armor
minaDrive
12:07 Loom
15:44 Feudal Age
17:16 Gold Mining
17:15 Double-Bit Axe
21:36 Castle Age
24:57 Fletching
25:07 Padded Archer Armor
25:21 Bow Saw
26:02 Gold Shaft Mining
28:43 Stone Mining
30:35 Town Watch
32:50 Crossbowman
ҎکγςЋΘ
18:51 Feudal Age
20:14 Wheelbarrow
20:28 Fishing Lines
20:57 Double-Bit Axe
23:59 Castle Age
22:23 Horse Collar
27:52 Imperial Age
26:32 Light Cavalry
27:23 Bloodlines
28:14 Husbandry
28:40 Stone Mining
28:41 Gold Mining
29:20 Elite Skirmisher
31:44 Conscription
Pr Manager / Big G.
32:20 Feudal Age
[S1☇Ҡ] DanielBayern
21:21 Feudal Age
23:47 Double-Bit Axe
25:51 Horse Collar
zafishroc
15:14 Feudal Age
16:36 Man-at-Arms
18:02 Double-Bit Axe
19:25 Arson
25:10 Horse Collar
Connection lost

Rejoining the realm…

Still unreachable

The connection could not be restored.

Session expired

The server has moved on; the page needs a fresh start.